Wolves vs Knights
(R1)
Created - 26 novembre 2013 at 19:59
Goals
|
| Wolves |
0 |
3 |
0 |
3 |
| Knights |
2 |
4 |
1 |
7 |
|
Shots
|
| Wolves |
11 |
13 |
8 |
32 |
| Knights |
13 |
12 |
11 |
36 |
|
1st period
1. Knights , Eric Fehr 7 (Darroll Powe) at 4:08 (SH)
2. Knights , Chris Thorburn 6 (Nathan Gerbe) at 11:25
Penalties :
A.J. Jenks (Lon) for High sticking (Minor) at 3:22, A.J. Jenks (Lon) for Tripping (Minor) at 7:27, Marc Methot (Min) for Hooking (Minor) at 16:02
2nd period
3. Knights , Nikita Nikitin 1 (Nick Palmieri, Peter Mueller) at 0:34
4. Knights , Darroll Powe 1 (Mark Popovic) at 5:44
5. Wolves , Chris Neil 11 (Matt Gilroy) at 10:25 (PP)
6. Wolves , Dan Fritsche 4 (Milan Bartovic) at 11:59
7. Knights , Mats Zuccarello 13 (Nathan Gerbe, Chris Thorburn) at 15:53
8. Knights , Eric Fehr 8 (Darroll Powe, Aaron Rome) at 18:20
9. Wolves , Matt Gilroy 3 (Rich Peverley, Cody McLeod) at 18:43 (PP)
Penalties :
A.J. Jenks (Lon) for Tripping (Minor) at 3:31, Cody McLeod (Min) for Interference (Minor) at 3:40, Chris Neil (Min) for Interference (Minor) at 6:05, Nick Palmieri (Lon) for Hooking (Minor) at 8:48, Niklas Hjalmarsson (Lon) for Hooking (Minor) at 9:41, Nathan Gerbe (Lon) for Hooking (Minor) at 12:31, Kyle Greentree (Lon) for High sticking (Minor) at 18:37, Aaron Rome (Lon) for Elbowing (Minor) at 19:34
3rd period
10. Knights , Kyle Greentree 12 (Chris Thorburn, Niklas Hjalmarsson) at 0:38 (SH)
Penalties :
Darroll Powe (Lon) for Tripping (Minor) at 1:27, Marc-André Gragnani (Min) for Hooking (Minor) at 1:27, Marc-André Gragnani (Min) for Interference (Minor) at 3:52, Rich Peverley (Min) for Hooking (Minor) at 11:49, Eric Fehr (Lon) for Boarding (Minor) at 14:44, Bruno Gervais (Min) for Boarding (Minor) at 15:30
Goalie Stats
Jamie Storr (Min), 19 saves from 25 shots - (0,760), L, 7-7-0, 38:20 minutes
Loïc Lacasse (Min), 10 saves from 11 shots - (0,909), 21:40 minutes
Dany Sabourin (Lon), 29 saves from 32 shots - (0,906), W, 1-3-0, 60:00 minutes
Players Stats for Wolves
Player Name G A P +/- PIM S H SB GA TA FO MP PP MP PK MP
------------------------------------------------------------------------------------
Alexander Perezhogin 0 0 0 -2 0 5 1 1 1 1 1/1 20:58 7:04 0:00
Bruno Gervais 0 0 0 -1 2 2 1 2 1 1 0/0 27:49 7:30 1:28
Chris Neil 1 0 1 -3 2 3 4 0 0 0 0/0 18:42 4:22 3:58
Chris Terry 0 0 0 0 0 0 2 0 0 0 1/1 7:24 0:00 0:00
Cody McLeod 0 1 1 -3 2 1 1 1 0 1 0/1 19:58 7:03 1:57
Dan Fritsche 1 0 1 -1 0 1 1 0 0 1 11/18 13:16 0:00 5:20
Geoff Paukovich 0 0 0 -2 0 2 4 0 0 1 0/1 13:07 4:22 0:21
Marc Methot 0 0 0 -3 2 3 2 0 0 2 0/0 16:47 4:12 4:07
Marc-André Gragnani 0 0 0 -2 4 2 1 2 0 0 0/0 16:41 4:11 3:16
Mark Katic 0 0 0 -2 0 0 0 1 0 0 0/0 11:04 0:00 0:00
Matt Gilroy 1 1 2 -3 0 3 2 3 0 1 0/0 26:02 7:31 4:17
Mike Sislo 0 0 0 -1 0 0 0 0 0 0 0/0 6:31 0:00 0:00
Mike Zigomanis 0 0 0 -2 0 2 1 0 0 1 3/8 14:34 4:22 0:21
Milan Bartovic 0 1 1 0 0 0 1 1 0 0 0/1 11:05 0:17 2:13
Nate Guenin 0 0 0 -1 0 2 1 4 1 0 0/0 22:20 0:00 4:34
Nathan Davis 0 0 0 -1 0 4 0 1 0 0 4/7 7:59 0:17 0:20
Rich Peverley 0 1 1 -2 2 1 3 0 1 0 22/47 22:56 7:04 1:24
Tim Crowder 0 0 0 -1 0 1 2 1 1 1 0/1 8:47 0:17 1:48
Players Stats for Knights
Player Name G A P +/- PIM S H SB GA TA FO MP PP MP PK MP
------------------------------------------------------------------------------------
A.J. Jenks 0 0 0 1 6 0 0 0 0 0 0/1 8:13 0:08 0:00
Aaron Rome 0 1 1 4 2 3 2 1 1 0 0/0 19:32 3:47 2:56
Chris Thorburn 1 2 3 3 0 5 2 0 1 0 1/1 15:57 3:20 3:09
Cody Almond 0 0 0 0 0 0 0 0 0 0 0/0 0:00 0:00 0:00
Colton Gillies 0 0 0 -1 0 0 1 0 0 0 0/0 5:53 0:00 0:00
Danny Irmen 0 0 0 0 0 0 0 0 0 0 0/0 1:55 0:31 0:01
Darroll Powe 1 2 3 3 2 4 2 1 0 0 23/50 25:38 4:44 7:45
Eric Fehr 2 0 2 3 2 5 0 3 1 1 0/1 24:37 5:08 6:15
Gustav Nyquist 0 0 0 -1 0 0 0 0 0 1 0/0 5:53 0:00 0:00
Joe Colborne 0 0 0 0 0 0 0 0 0 0 0/0 0:00 0:00 0:00
Kyle Greentree 1 0 1 3 2 4 2 0 0 1 1/3 20:14 5:15 3:53
Marco Scandella 0 0 0 -1 0 0 0 1 0 0 0/0 2:15 0:00 0:00
Mark Popovic 0 1 1 2 0 2 1 0 1 2 0/0 31:48 5:04 8:29
Mats Zuccarello 1 0 1 2 0 2 0 1 3 0 1/1 13:12 3:20 0:01
Nathan Gerbe 0 2 2 2 2 3 1 0 2 0 11/15 12:50 3:20 0:00
Nick Palmieri 0 1 1 1 2 2 2 2 0 0 0/1 10:31 0:08 1:43
Nicklas Grossman 0 0 0 1 0 1 0 0 0 0 0/0 6:14 0:00 0:00
Nikita Nikitin 1 0 1 4 0 2 0 0 0 0 0/0 19:43 3:47 3:20
Niklas Hjalmarsson 0 1 1 2 2 0 1 0 0 0 0/0 30:20 5:04 7:05
Patrick Wiercioch 0 0 0 0 0 0 0 0 0 0 0/0 0:00 0:00 0:00
Peter Mueller 0 1 1 1 0 1 0 1 0 0 5/8 9:33 0:23 0:00
Ryan O'Marra 0 0 0 0 0 0 0 0 0 0 0/0 0:00 0:00 0:00
Scott Lehman 0 0 0 1 0 0 0 1 0 0 0/0 8:10 0:00 1:47
Tomas Kundratek 0 0 0 -1 0 0 0 2 0 0 0/0 2:15 0:00 0:00
Zack Hamill 0 0 0 -1 0 2 0 0 1 0 2/5 7:32 0:16 0:00
3 Stars
1 - Chris Thorburn (Lon)
2 - Darroll Powe (Lon)
3 - Eric Fehr (Lon)
Power Play
Wolves - 2 on 9 Attempt(s) - 22,22%
Knights - 0 on 6 Attempt(s) - 0,00%
Penalty Kill
Wolves - 6 on 6 Attempt(s) - 100,00%
- Score 0 goal in Penalty Kill
Knights - 7 on 9 Attempt(s) - 77,78%
- Score 2 goal in Penalty Kill
Official
Referees : StPierre Justin and Devorski Paul
Linesman : Bryan Pancich and Lonnie Cameron
Game Notes
Loïc Lacasse enters game at 18:20 of 2nd period
Finance
Level 1 -- Attendance: 1392 (69,60%) -- Ticket Income 41 760 $
Level 2 -- Attendance: 756 (75,60%) -- Ticket Income 15 120 $
Total Attendance: 2148 (71,60%)
Total Ticket Income: 56 880 $
Other Income: 2 844 $
Total Income: 59 724 $
Wolves
5 vs 5 Forward
Center Left Wing Right Wing Time % Phy DF OF
1 Rich Peverley Cody McLeod Alexander Perezhogin 40 1 0 4
2 Mike Zigomanis Geoff Paukovich Chris Neil 30 0 1 4
3 Dan Fritsche Chris Terry Milan Bartovic 20 1 1 3
4 Nathan Davis Mike Sislo Tim Crowder 10 2 2 1
5 vs 5 Defense
Defense Defense Time % Phy DF OF
1 Bruno Gervais Nate Guenin 40 1 3 1
2 Mark Katic Matt Gilroy 30 1 3 1
3 Marc Methot Marc-André Gragnani 20 1 3 1
4 Marc-André Gragnani Bruno Gervais 10 1 3 1
PowerPlay Forward
Center Left Wing Right Wing Time % Phy DF OF
1 Rich Peverley Cody McLeod Alexander Perezhogin 60 0 0 5
2 Mike Zigomanis Geoff Paukovich Chris Neil 40 0 0 5
PowerPlay Defense
Defense Defense Time % Phy DF OF
1 Bruno Gervais Matt Gilroy 60 0 2 3
2 Marc Methot Marc-André Gragnani 40 0 2 3
Penalty Kill 4 Players Forward
Center Wing Time % Phy DF OF
1 Dan Fritsche Chris Neil 60 1 3 1
2 Rich Peverley Milan Bartovic 40 1 3 1
Penalty Kill 4 Players Defense
Defense Defense Time % Phy DF OF
1 Marc Methot Nate Guenin 60 2 3 0
2 Marc-André Gragnani Matt Gilroy 40 2 3 0
Penalty Kill - 3 Players Forward
Forward Time % Phy DF OF
1 Dan Fritsche 60 1 4 0
2 Milan Bartovic 40 1 3 0
Penalty Kill - 3 Players Defense
Defense Defense Time % Phy DF OF
1 Marc Methot Nate Guenin 60 2 3 0
2 Bruno Gervais Matt Gilroy 40 2 3 0
4 vs 4 Forward
Center Wing Time % Phy DF OF
1 Rich Peverley Alexander Perezhogin 60 1 1 3
2 Mike Zigomanis Chris Neil 40 1 1 3
4 vs 4 Defense
Defense Defense Time % Phy DF OF
1 Bruno Gervais Nate Guenin 60 1 3 1
2 Marc Methot Matt Gilroy 40 1 3 1
Last Minutes Offensive
Center Left Wing Right Wing Defense Defense
Rich Peverley Cody McLeod Alexander Perezhogin Bruno Gervais Nate Guenin
Last Minutes Defensive
Center Left Wing Right Wing Defense Defense
Mike Zigomanis Chris Neil Milan Bartovic Marc Methot Matt Gilroy
Goaltenders
Starting : Jamie Storr
Backup : Loïc Lacasse
Extra Forwards
Normal : Milan Bartovic, Nathan Davis, Tim Crowder - PP : Milan Bartovic, Nathan Davis - PK : Tim Crowder
Extra Defensemen
Normal : Bruno Gervais, Matt Gilroy, Marc Methot - PP : Bruno Gervais - PK : Nate Guenin, Matt Gilroy
Penalty Shots
Chris Neil, Alexander Perezhogin, Rich Peverley, Mike Zigomanis, Milan Bartovic
Knights
5 vs 5 Forward
Center Left Wing Right Wing Time % Phy DF OF
1 Darroll Powe Kyle Greentree Eric Fehr 40 1 2 2
2 Nathan Gerbe Mats Zuccarello Chris Thorburn 30 1 2 2
3 Peter Mueller A.J. Jenks Nick Palmieri 20 1 2 2
4 Zack Hamill Colton Gillies Gustav Nyquist 10 1 2 2
5 vs 5 Defense
Defense Defense Time % Phy DF OF
1 Mark Popovic Niklas Hjalmarsson 40 1 2 2
2 Aaron Rome Nikita Nikitin 30 1 2 2
3 Nicklas Grossman Scott Lehman 20 1 2 2
4 Tomas Kundratek Marco Scandella 10 1 2 2
PowerPlay Forward
Center Left Wing Right Wing Time % Phy DF OF
1 Darroll Powe Kyle Greentree Eric Fehr 60 1 2 2
2 Nathan Gerbe Mats Zuccarello Chris Thorburn 40 1 2 2
PowerPlay Defense
Defense Defense Time % Phy DF OF
1 Mark Popovic Niklas Hjalmarsson 60 1 2 2
2 Aaron Rome Nikita Nikitin 40 1 2 2
Penalty Kill 4 Players Forward
Center Wing Time % Phy DF OF
1 Darroll Powe Eric Fehr 60 1 2 2
2 Chris Thorburn Kyle Greentree 40 1 2 2
Penalty Kill 4 Players Defense
Defense Defense Time % Phy DF OF
1 Mark Popovic Niklas Hjalmarsson 60 1 2 2
2 Aaron Rome Nikita Nikitin 40 1 2 2
Penalty Kill - 3 Players Forward
Forward Time % Phy DF OF
1 Darroll Powe 60 1 2 2
2 Eric Fehr 40 1 2 2
Penalty Kill - 3 Players Defense
Defense Defense Time % Phy DF OF
1 Mark Popovic Niklas Hjalmarsson 60 1 2 2
2 Aaron Rome Nikita Nikitin 40 1 2 2
4 vs 4 Forward
Center Wing Time % Phy DF OF
1 Darroll Powe Eric Fehr 60 1 2 2
2 Chris Thorburn Kyle Greentree 40 1 2 2
4 vs 4 Defense
Defense Defense Time % Phy DF OF
1 Mark Popovic Niklas Hjalmarsson 60 1 2 2
2 Aaron Rome Nikita Nikitin 40 1 2 2
Last Minutes Offensive
Center Left Wing Right Wing Defense Defense
Darroll Powe Kyle Greentree Eric Fehr Mark Popovic Niklas Hjalmarsson
Last Minutes Defensive
Center Left Wing Right Wing Defense Defense
Darroll Powe Kyle Greentree Eric Fehr Mark Popovic Niklas Hjalmarsson
Goaltenders
Starting : Dany Sabourin
Backup : Peter Delmas
Extra Forwards
Normal : Peter Mueller, Zack Hamill, Nick Palmieri - PP : Peter Mueller, Zack Hamill - PK : Nick Palmieri
Extra Defensemen
Normal : Nicklas Grossman, Scott Lehman, Tomas Kundratek - PP : Nicklas Grossman - PK : Scott Lehman, Tomas Kundratek
Penalty Shots
Darroll Powe, Eric Fehr, Chris Thorburn, Kyle Greentree, Nathan Gerbe
% Time on Ice - Wolves
Lines # - Real PCT - Wanted PCT - Time Play
Normal Forward
1 - 35% - 40% - 12:01
2 - 25% - 30% - 8:28
3 - 22% - 20% - 7:24
4 - 19% - 10% - 6:31
Normal Defense
1 - 41% - 40% - 13:59
2 - 37% - 30% - 12:35
3 - 13% - 20% - 4:27
4 - 10% - 10% - 3:23
PP Forward
1 - 63% - 60% - 7:21
2 - 37% - 40% - 4:22
PP Defense
1 - 64% - 60% - 7:31
2 - 36% - 40% - 4:12
PK Forward
1 - 79% - 60% - 6:58
2 - 21% - 40% - 1:53
PK Defense
1 - 58% - 60% - 5:09
2 - 42% - 40% - 3:42
PK3 Forward
1 - 0% - 60%
2 - 0% - 40%
PK3 Defense
1 - 0% - 60%
2 - 0% - 40%
44 Forward
1 - 71% - 60% - 3:35
2 - 29% - 40% - 1:27
44 Defense
1 - 77% - 60% - 3:53
2 - 23% - 40% - 1:09
Last Minute Offensive - 0:00
Last Minute Defensive - 0:00
Total
Forward - 60:00
Defense - 60:00
|
% Time on Ice - Knights
Lines # - Real PCT - Wanted PCT - Time Play
Normal Forward
1 - 35% - 40% - 11:59
2 - 27% - 30% - 9:08
3 - 22% - 20% - 7:24
4 - 17% - 10% - 5:53
Normal Defense
1 - 44% - 40% - 15:13
2 - 31% - 30% - 10:42
3 - 18% - 20% - 6:14
4 - 7% - 10% - 2:15
PP Forward
1 - 62% - 60% - 5:31
2 - 38% - 40% - 3:20
PP Defense
1 - 57% - 60% - 5:04
2 - 43% - 40% - 3:47
PK Forward
1 - 71% - 60% - 7:50
2 - 29% - 40% - 3:09
PK Defense
1 - 70% - 60% - 7:39
2 - 30% - 40% - 3:20
PK3 Forward
1 - 100% - 60% - 0:50
2 - 0% - 40% - 0:00
PK3 Defense
1 - 100% - 60% - 0:50
2 - 0% - 40% - 0:00
44 Forward
1 - 93% - 60% - 4:36
2 - 7% - 40% - 0:20
44 Defense
1 - 61% - 60% - 3:02
2 - 39% - 40% - 1:54
Last Minute Offensive - 0:00
Last Minute Defensive - 0:00
Total
Forward - 60:00
Defense - 60:00
|
Play by Play
1st period
0:01 of 1st period - Rich Peverley wins face-off versus Darroll Powe in neutral zone.
0:10 of 1st period - Wrist shot by Cody McLeod.
0:10 of 1st period - Deflect By Rich Peverley.
0:10 of 1st period - Shot Misses the Net.
0:10 of 1st period - Puck is out of play.
0:11 of 1st period - Nathan Gerbe wins face-off versus Mike Zigomanis in Knights zone.
0:44 of 1st period - Slapshot by Tim Crowder.
0:44 of 1st period - Stopped by Dany Sabourin without a rebound.
0:45 of 1st period - Nathan Davis wins face-off versus Peter Mueller in Knights zone.
0:48 of 1st period - Snap shot by Nathan Davis.
0:48 of 1st period - Shot Blocked by Nick Palmieri.
0:56 of 1st period - Nathan Davis is hit by Nick Palmieri and loses puck.
1:11 of 1st period - Rich Peverley is hit by Kyle Greentree and loses puck.
1:20 of 1st period - Slapshot by Alexander Perezhogin.
1:20 of 1st period - Stopped by Dany Sabourin with a rebound.
1:33 of 1st period - Off-side.
1:34 of 1st period - Zack Hamill wins face-off versus Dan Fritsche in neutral zone.
1:37 of 1st period - Milan Bartovic is hit by Colton Gillies and loses puck.
1:48 of 1st period - Colton Gillies is hit by Dan Fritsche and loses puck.
1:55 of 1st period - Colton Gillies is hit by Milan Bartovic and loses puck.
2:30 of 1st period - Wrist shot by Zack Hamill.
2:30 of 1st period - Stopped by Jamie Storr with a rebound.
2:32 of 1st period - Wrist shot by Gustav Nyquist.
2:32 of 1st period - Shot Misses the Net.
2:34 of 1st period - Slapshot by Nikita Nikitin.
2:34 of 1st period - Shot Misses the Net.
2:36 of 1st period - Wrist shot by Colton Gillies.
2:36 of 1st period - Deflect By Zack Hamill.
2:36 of 1st period - Shot Misses the Net.
2:36 of 1st period - Puck is out of play.
2:37 of 1st period - Rich Peverley wins face-off versus Darroll Powe in Wolves zone.
3:02 of 1st period - Mark Popovic is hit by Geoff Paukovich and loses puck.
3:11 of 1st period - Snap shot by Chris Neil.
3:11 of 1st period - Shot Misses the Net.
3:22 of 1st period - Minor Penalty to A.J. Jenks for High sticking.
3:23 of 1st period - Darroll Powe wins face-off versus Rich Peverley in Knights zone.
3:34 of 1st period - Snap shot by Cody McLeod.
3:34 of 1st period - Shot Misses the Net.
4:00 of 1st period - Snap shot by Chris Thorburn.
4:00 of 1st period - Shot Misses the Net.
4:02 of 1st period - Snap shot by Kyle Greentree.
4:02 of 1st period - Shot Misses the Net.
4:04 of 1st period - Snap shot by Kyle Greentree.
4:04 of 1st period - Stopped by Jamie Storr without a rebound.
4:05 of 1st period - Darroll Powe wins face-off versus Mike Zigomanis in Wolves zone.
4:08 of 1st period - Wrist shot by Eric Fehr.
4:08 of 1st period - Goal by Eric Fehr - Wolves : 0 - Knights : 1.
4:09 of 1st period - Rich Peverley wins face-off versus Darroll Powe in neutral zone.
4:34 of 1st period - Mark Popovic is hit by Geoff Paukovich.
5:12 of 1st period - Kyle Greentree is hit by Mike Zigomanis and loses puck.
5:22 of 1st period - Penalty to A.J. Jenks is over, A.J. Jenks is back on ice.
5:34 of 1st period - Slapshot by Peter Mueller.
5:34 of 1st period - Shot Blocked by Nathan Davis.
5:50 of 1st period - Icing by Tomas Kundratek.
5:51 of 1st period - Dan Fritsche wins face-off versus Zack Hamill in Knights zone.
6:00 of 1st period - Snap shot by Dan Fritsche.
6:00 of 1st period - Shot Misses the Net.
6:06 of 1st period - Snap shot by Marc-André Gragnani.
6:06 of 1st period - Shot Misses the Net.
6:16 of 1st period - Wrist shot by Mike Zigomanis.
6:16 of 1st period - Shot Misses the Net.
6:18 of 1st period - Snap shot by Mike Zigomanis.
6:18 of 1st period - Stopped by Dany Sabourin with a rebound.
6:20 of 1st period - Wrist shot by Chris Neil.
6:20 of 1st period - Shot Blocked by Marco Scandella.
6:22 of 1st period - Snap shot by Chris Neil.
6:22 of 1st period - Stopped by Dany Sabourin with a rebound.
6:24 of 1st period - Wrist shot by Geoff Paukovich.
6:24 of 1st period - Stopped by Dany Sabourin with a rebound.
6:26 of 1st period - Snap shot by Geoff Paukovich.
6:26 of 1st period - Deflect By Chris Neil.
6:26 of 1st period - Deflect By Zack Hamill.
6:26 of 1st period - Shot Blocked by Tomas Kundratek.
6:26 of 1st period - Puck is out of play.
6:27 of 1st period - Darroll Powe wins face-off versus Rich Peverley in Knights zone.
7:14 of 1st period - Wrist shot by Nathan Davis.
7:14 of 1st period - Stopped by Dany Sabourin without a rebound.
7:15 of 1st period - Peter Mueller wins face-off versus Nathan Davis in Knights zone.
7:15 of 1st period - Peter Mueller is hit by Tim Crowder.
7:21 of 1st period - Tim Crowder is hit by Aaron Rome and loses puck.
7:27 of 1st period - Minor Penalty to A.J. Jenks for Tripping.
7:28 of 1st period - Rich Peverley wins face-off versus Darroll Powe in Knights zone.
7:29 of 1st period - Slapshot by Alexander Perezhogin.
7:29 of 1st period - Stopped by Dany Sabourin without a rebound.
7:30 of 1st period - Darroll Powe wins face-off versus Rich Peverley in Knights zone.
9:27 of 1st period - Penalty to A.J. Jenks is over, A.J. Jenks is back on ice.
9:42 of 1st period - A.J. Jenks is hit by Nate Guenin and loses puck.
9:53 of 1st period - Wrist shot by Mats Zuccarello.
9:53 of 1st period - Shot Blocked by Nate Guenin.
10:05 of 1st period - Slapshot by Nathan Davis.
10:05 of 1st period - Stopped by Dany Sabourin with a rebound.
10:21 of 1st period - Wrist shot by Gustav Nyquist.
10:21 of 1st period - Deflect By Zack Hamill.
10:21 of 1st period - Shot Misses the Net.
10:21 of 1st period - Puck is out of play.
10:22 of 1st period - Darroll Powe wins face-off versus Rich Peverley in Wolves zone.
10:25 of 1st period - Wrist shot by Darroll Powe.
10:25 of 1st period - Shot Misses the Net.
10:37 of 1st period - Eric Fehr is hit by Bruno Gervais and loses puck.
11:00 of 1st period - Eric Fehr is hit by Chris Neil and loses puck.
11:23 of 1st period - Slapshot by Chris Thorburn.
11:23 of 1st period - Stopped by Jamie Storr without a rebound.
11:24 of 1st period - Nathan Gerbe wins face-off versus Rich Peverley in Wolves zone.
11:25 of 1st period - Snap shot by Chris Thorburn.
11:25 of 1st period - Goal by Chris Thorburn - Wolves : 0 - Knights : 2.
11:26 of 1st period - Nathan Gerbe wins face-off versus Rich Peverley in neutral zone.
11:31 of 1st period - Backhand shot by Aaron Rome.
11:31 of 1st period - Stopped by Jamie Storr without a rebound.
11:32 of 1st period - Rich Peverley wins face-off versus Nathan Gerbe in Wolves zone.
11:46 of 1st period - Wrist shot by Alexander Perezhogin.
11:46 of 1st period - Shot Hit the Post.
11:48 of 1st period - Slapshot by Nate Guenin.
11:48 of 1st period - Stopped by Dany Sabourin with a rebound.
12:21 of 1st period - Wrist shot by Nick Palmieri.
12:21 of 1st period - Shot Blocked by Matt Gilroy.
12:23 of 1st period - Slapshot by Nikita Nikitin.
12:23 of 1st period - Stopped by Jamie Storr with a rebound.
12:25 of 1st period - Snap shot by Aaron Rome.
12:25 of 1st period - Shot Blocked by Matt Gilroy.
12:27 of 1st period - Slapshot by Aaron Rome.
12:27 of 1st period - Shot Misses the Net.
12:29 of 1st period - Snap shot by Nick Palmieri.
12:29 of 1st period - Stopped by Jamie Storr without a rebound.
12:30 of 1st period - Nathan Gerbe wins face-off versus Rich Peverley in Wolves zone.
12:31 of 1st period - Snap shot by Chris Thorburn.
12:31 of 1st period - Stopped by Jamie Storr with a rebound.
12:55 of 1st period - Eric Fehr is hit by Geoff Paukovich and loses puck.
13:17 of 1st period - Icing by Bruno Gervais.
13:18 of 1st period - Peter Mueller wins face-off versus Dan Fritsche in Wolves zone.
13:21 of 1st period - Snap shot by Nick Palmieri.
13:21 of 1st period - Stopped by Jamie Storr with a rebound.
13:27 of 1st period - Snap shot by Nick Palmieri.
13:27 of 1st period - Deflect By Peter Mueller.
13:27 of 1st period - Shot Blocked by Nate Guenin.
13:27 of 1st period - Puck is out of play.
13:28 of 1st period - Rich Peverley wins face-off versus Kyle Greentree in Wolves zone.
13:59 of 1st period - Wrist shot by Chris Thorburn.
13:59 of 1st period - Stopped by Jamie Storr with a rebound.
15:26 of 1st period - Wrist shot by Mike Zigomanis.
15:26 of 1st period - Shot Blocked by Mats Zuccarello.
15:28 of 1st period - Wrist shot by Chris Neil.
15:28 of 1st period - Stopped by Dany Sabourin with a rebound.
15:30 of 1st period - Slapshot by Mark Katic.
15:30 of 1st period - Shot Misses the Net.
15:47 of 1st period - Wrist shot by Peter Mueller.
15:47 of 1st period - Shot Misses the Net.
15:49 of 1st period - Slapshot by Scott Lehman.
15:49 of 1st period - Shot Blocked by Mark Katic.
15:51 of 1st period - Snap shot by Nicklas Grossman.
15:51 of 1st period - Stopped by Jamie Storr without a rebound.
15:52 of 1st period - Rich Peverley wins face-off versus Darroll Powe in Wolves zone.
16:02 of 1st period - Minor Penalty to Marc Methot for Hooking.
16:03 of 1st period - Dan Fritsche wins face-off versus Darroll Powe in Wolves zone.
17:27 of 1st period - Darroll Powe is hit by Cody McLeod and loses puck.
18:02 of 1st period - Penalty to Marc Methot is over, Marc Methot is back on ice.
18:13 of 1st period - Off-side.
18:14 of 1st period - Nathan Gerbe wins face-off versus Rich Peverley in neutral zone.
18:23 of 1st period - Slapshot by Nathan Gerbe.
18:23 of 1st period - Stopped by Jamie Storr with a rebound.
18:45 of 1st period - Snap shot by Peter Mueller.
18:45 of 1st period - Shot Blocked by Nate Guenin.
18:53 of 1st period - Wrist shot by Peter Mueller.
18:53 of 1st period - Shot Blocked by Bruno Gervais.
19:15 of 1st period - Slapshot by Bruno Gervais.
19:15 of 1st period - Shot Blocked by Tomas Kundratek.
19:17 of 1st period - Slapshot by Bruno Gervais.
19:17 of 1st period - Stopped by Dany Sabourin without a rebound.
19:18 of 1st period - Chris Thorburn wins face-off versus Rich Peverley in Knights zone.
19:43 of 1st period - Aaron Rome is hit by Geoff Paukovich and loses puck.
2nd period
0:01 of 2nd period - Rich Peverley wins face-off versus Eric Fehr in neutral zone.
0:08 of 2nd period - Snap shot by Alexander Perezhogin.
0:08 of 2nd period - Shot Misses the Net.
0:30 of 2nd period - Snap shot by Peter Mueller.
0:30 of 2nd period - Stopped by Jamie Storr with a rebound.
0:32 of 2nd period - Snap shot by Nick Palmieri.
0:32 of 2nd period - Shot Blocked by Alexander Perezhogin.
0:34 of 2nd period - Slapshot by Nikita Nikitin.
0:34 of 2nd period - Goal by Nikita Nikitin - Wolves : 0 - Knights : 3.
0:35 of 2nd period - Mike Zigomanis wins face-off versus Kyle Greentree in neutral zone.
1:01 of 2nd period - Niklas Hjalmarsson is hit by Rich Peverley and loses puck.
1:46 of 2nd period - Wrist shot by Zack Hamill.
1:46 of 2nd period - Deflect By Gustav Nyquist.
1:46 of 2nd period - Shot Misses the Net.
1:46 of 2nd period - Puck is out of play.
1:47 of 2nd period - Darroll Powe wins face-off versus Rich Peverley in Wolves zone.
2:12 of 2nd period - Wrist shot by Nathan Gerbe.
2:12 of 2nd period - Deflect By Chris Thorburn.
2:12 of 2nd period - Shot Misses the Net.
2:12 of 2nd period - Puck is out of play.
2:13 of 2nd period - Mats Zuccarello wins face-off versus Mike Zigomanis in Wolves zone.
2:22 of 2nd period - Snap shot by Nathan Gerbe.
2:22 of 2nd period - Shot Misses the Net.
2:28 of 2nd period - Wrist shot by Chris Neil.
2:28 of 2nd period - Shot Blocked by Scott Lehman.
2:58 of 2nd period - Matt Gilroy is hit by Mark Popovic.
3:06 of 2nd period - Aaron Rome is hit by Chris Terry and loses puck.
3:16 of 2nd period - Icing by Mark Katic.
3:17 of 2nd period - Nathan Davis wins face-off versus A.J. Jenks in Wolves zone.
3:31 of 2nd period - Minor Penalty to A.J. Jenks for Tripping.
3:32 of 2nd period - Rich Peverley wins face-off versus Darroll Powe in Knights zone.
3:39 of 2nd period - Slapshot by Rich Peverley.
3:39 of 2nd period - Shot Misses the Net.
3:40 of 2nd period - Minor Penalty to Cody McLeod for Interference.
3:41 of 2nd period - Rich Peverley wins face-off versus Darroll Powe in Wolves zone.
3:48 of 2nd period - Slapshot by Nate Guenin.
3:48 of 2nd period - Shot Misses the Net.
3:50 of 2nd period - Slapshot by Nate Guenin.
3:50 of 2nd period - Stopped by Dany Sabourin with a rebound.
3:52 of 2nd period - Slapshot by Nate Guenin.
3:52 of 2nd period - Deflect By Alexander Perezhogin.
3:52 of 2nd period - Shot Misses the Net.
3:52 of 2nd period - Puck is out of play.
3:53 of 2nd period - Darroll Powe wins face-off versus Rich Peverley in Knights zone.
3:53 of 2nd period - Darroll Powe is hit by Rich Peverley.
4:09 of 2nd period - Wrist shot by Darroll Powe.
4:09 of 2nd period - Deflect By Eric Fehr.
4:09 of 2nd period - Shot Blocked by Bruno Gervais.
4:09 of 2nd period - Puck is out of play.
4:10 of 2nd period - Rich Peverley wins face-off versus Darroll Powe in Wolves zone.
4:48 of 2nd period - Wrist shot by Kyle Greentree.
4:48 of 2nd period - Stopped by Jamie Storr with a rebound.
5:21 of 2nd period - Icing by Aaron Rome.
5:22 of 2nd period - Peter Mueller wins face-off versus Milan Bartovic in Knights zone.
5:31 of 2nd period - Penalty to A.J. Jenks is over, A.J. Jenks is back on ice.
5:38 of 2nd period - Slapshot by Matt Gilroy.
5:38 of 2nd period - Stopped by Dany Sabourin without a rebound.
5:39 of 2nd period - Darroll Powe wins face-off versus Dan Fritsche in Knights zone.
5:40 of 2nd period - Penalty to Cody McLeod is over, Cody McLeod is back on ice.
5:44 of 2nd period - Backhand shot by Darroll Powe.
5:44 of 2nd period - Goal by Darroll Powe - Wolves : 0 - Knights : 4.
5:45 of 2nd period - Rich Peverley wins face-off versus Darroll Powe in neutral zone.
5:56 of 2nd period - Wrist shot by Kyle Greentree.
5:56 of 2nd period - Shot Misses the Net.
5:58 of 2nd period - Snap shot by Darroll Powe.
5:58 of 2nd period - Shot Misses the Net.
6:00 of 2nd period - Wrist shot by Mark Popovic.
6:00 of 2nd period - Stopped by Jamie Storr without a rebound.
6:01 of 2nd period - Nathan Gerbe wins face-off versus Mike Zigomanis in Wolves zone.
6:05 of 2nd period - Minor Penalty to Chris Neil for Interference.
6:06 of 2nd period - Dan Fritsche wins face-off versus Darroll Powe in Wolves zone.
6:06 of 2nd period - Dan Fritsche is hit by Darroll Powe.
6:12 of 2nd period - Slapshot by Marc Methot.
6:12 of 2nd period - Shot Misses the Net.
6:34 of 2nd period - Snap shot by Nathan Gerbe.
6:34 of 2nd period - Shot Misses the Net.
6:36 of 2nd period - Snap shot by Chris Thorburn.
6:36 of 2nd period - Stopped by Jamie Storr without a rebound.
6:37 of 2nd period - Nathan Gerbe wins face-off versus Dan Fritsche in Wolves zone.
7:04 of 2nd period - Snap shot by Eric Fehr.
7:04 of 2nd period - Shot Blocked by Cody McLeod.
7:06 of 2nd period - Slapshot by Niklas Hjalmarsson.
7:06 of 2nd period - Shot Blocked by Marc-André Gragnani.
7:22 of 2nd period - Marc-André Gragnani is hit by Chris Thorburn and loses puck.
7:59 of 2nd period - Niklas Hjalmarsson is hit by Marc Methot.
8:05 of 2nd period - Penalty to Chris Neil is over, Chris Neil is back on ice.
8:09 of 2nd period - Nikita Nikitin is hit by Chris Neil and loses puck.
8:24 of 2nd period - Wrist shot by Nathan Davis.
8:24 of 2nd period - Stopped by Dany Sabourin with a rebound.
8:26 of 2nd period - Snap shot by Nathan Davis.
8:26 of 2nd period - Stopped by Dany Sabourin with a rebound.
8:28 of 2nd period - Snap shot by Mike Sislo.
8:28 of 2nd period - Deflect By Nick Palmieri.
8:28 of 2nd period - Shot Misses the Net.
8:28 of 2nd period - Puck is out of play.
8:29 of 2nd period - Nathan Davis wins face-off versus Peter Mueller in Knights zone.
8:30 of 2nd period - Slapshot by Marc-André Gragnani.
8:30 of 2nd period - Stopped by Dany Sabourin without a rebound.
8:31 of 2nd period - Peter Mueller wins face-off versus Nathan Davis in Knights zone.
8:48 of 2nd period - Minor Penalty to Nick Palmieri for Hooking.
8:49 of 2nd period - Darroll Powe wins face-off versus Rich Peverley in Knights zone.
8:49 of 2nd period - Darroll Powe is hit by Matt Gilroy.
8:59 of 2nd period - Slapshot by Bruno Gervais.
8:59 of 2nd period - Stopped by Dany Sabourin without a rebound.
9:00 of 2nd period - Darroll Powe wins face-off versus Rich Peverley in Knights zone.
9:00 of 2nd period - Darroll Powe is hit by Rich Peverley.
9:41 of 2nd period - Minor Penalty to Niklas Hjalmarsson for Hooking.
9:42 of 2nd period - Darroll Powe wins face-off versus Rich Peverley in Knights zone.
9:42 of 2nd period - Darroll Powe is hit by Marc Methot.
9:52 of 2nd period - Snap shot by Alexander Perezhogin.
9:52 of 2nd period - Deflect By Rich Peverley.
9:52 of 2nd period - Shot Misses the Net.
9:52 of 2nd period - Puck is out of play.
9:53 of 2nd period - Darroll Powe wins face-off versus Rich Peverley in Knights zone.
10:25 of 2nd period - Slapshot by Chris Neil.
10:25 of 2nd period - Goal by Chris Neil - Wolves : 1 - Knights : 4.
10:26 of 2nd period - Rich Peverley wins face-off versus Darroll Powe in neutral zone.
11:13 of 2nd period - Aaron Rome is hit by Chris Neil.
11:41 of 2nd period - Penalty to Niklas Hjalmarsson is over, Niklas Hjalmarsson is back on ice.
11:49 of 2nd period - Backhand shot by Nick Palmieri.
11:49 of 2nd period - Deflect By Zack Hamill.
11:49 of 2nd period - Shot Blocked by Milan Bartovic.
11:49 of 2nd period - Puck is out of play.
11:50 of 2nd period - Dan Fritsche wins face-off versus Zack Hamill in Wolves zone.
11:59 of 2nd period - Snap shot by Dan Fritsche.
11:59 of 2nd period - Goal by Dan Fritsche - Wolves : 2 - Knights : 4.
12:00 of 2nd period - Rich Peverley wins face-off versus Darroll Powe in neutral zone.
12:03 of 2nd period - Snap shot by Alexander Perezhogin.
12:03 of 2nd period - Deflect By Eric Fehr.
12:03 of 2nd period - Stopped by Dany Sabourin without a rebound.
12:04 of 2nd period - Rich Peverley wins face-off versus Darroll Powe in Knights zone.
12:31 of 2nd period - Snap shot by Mike Zigomanis.
12:31 of 2nd period - Deflect By Geoff Paukovich.
12:31 of 2nd period - Stopped by Dany Sabourin without a rebound.
12:31 of 2nd period - Minor Penalty to Nathan Gerbe for Hooking.
12:32 of 2nd period - Rich Peverley wins face-off versus Darroll Powe in Knights zone.
14:31 of 2nd period - Penalty to Nathan Gerbe is over, Nathan Gerbe is back on ice.
14:51 of 2nd period - Snap shot by Eric Fehr.
14:51 of 2nd period - Shot Misses the Net.
14:53 of 2nd period - Slapshot by Darroll Powe.
14:53 of 2nd period - Stopped by Jamie Storr without a rebound.
14:54 of 2nd period - Nathan Davis wins face-off versus Peter Mueller in Wolves zone.
15:07 of 2nd period - Slapshot by Mark Popovic.
15:07 of 2nd period - Shot Blocked by Tim Crowder.
15:09 of 2nd period - Snap shot by Peter Mueller.
15:09 of 2nd period - Shot Blocked by Nate Guenin.
15:53 of 2nd period - Wrist shot by Mats Zuccarello.
15:53 of 2nd period - Goal by Mats Zuccarello - Wolves : 2 - Knights : 5.
15:54 of 2nd period - Darroll Powe wins face-off versus Rich Peverley in neutral zone.
15:59 of 2nd period - Snap shot by Darroll Powe.
15:59 of 2nd period - Stopped by Jamie Storr without a rebound.
16:00 of 2nd period - Darroll Powe wins face-off versus Rich Peverley in Wolves zone.
16:26 of 2nd period - Off-side.
16:27 of 2nd period - Nathan Gerbe wins face-off versus Geoff Paukovich in neutral zone.
16:42 of 2nd period - Wrist shot by Nathan Gerbe.
16:42 of 2nd period - Shot Misses the Net.
16:52 of 2nd period - Matt Gilroy is hit by Aaron Rome and loses puck.
17:13 of 2nd period - Wrist shot by Zack Hamill.
17:13 of 2nd period - Stopped by Jamie Storr without a rebound.
17:14 of 2nd period - Mike Zigomanis wins face-off versus Zack Hamill in Wolves zone.
17:26 of 2nd period - Icing by Zack Hamill.
17:27 of 2nd period - Zack Hamill wins face-off versus Cody McLeod in Knights zone.
17:58 of 2nd period - Wrist shot by Mike Zigomanis.
17:58 of 2nd period - Stopped by Dany Sabourin with a rebound.
18:00 of 2nd period - Snap shot by Geoff Paukovich.
18:00 of 2nd period - Shot Misses the Net.
18:12 of 2nd period - Slapshot by Mark Popovic.
18:12 of 2nd period - Stopped by Jamie Storr without a rebound.
18:13 of 2nd period - Dan Fritsche wins face-off versus Darroll Powe in Wolves zone.
18:20 of 2nd period - Backhand shot by Eric Fehr.
18:20 of 2nd period - Goal by Eric Fehr - Wolves : 2 - Knights : 6.
18:20 of 2nd period - Loïc Lacasse enters game.
18:21 of 2nd period - Rich Peverley wins face-off versus Darroll Powe in neutral zone.
18:26 of 2nd period - Snap shot by Alexander Perezhogin.
18:26 of 2nd period - Stopped by Dany Sabourin without a rebound.
18:27 of 2nd period - Kyle Greentree wins face-off versus Rich Peverley in Knights zone.
18:37 of 2nd period - Minor Penalty to Kyle Greentree for High sticking.
18:38 of 2nd period - Rich Peverley wins face-off versus Darroll Powe in Knights zone.
18:41 of 2nd period - Wrist shot by Rich Peverley.
18:41 of 2nd period - Shot Misses the Net.
18:43 of 2nd period - Slapshot by Matt Gilroy.
18:43 of 2nd period - Goal by Matt Gilroy - Wolves : 3 - Knights : 6.
18:44 of 2nd period - Darroll Powe wins face-off versus Rich Peverley in neutral zone.
18:44 of 2nd period - Eric Fehr is hit by Alexander Perezhogin and loses puck.
18:59 of 2nd period - Snap shot by Eric Fehr.
18:59 of 2nd period - Shot Misses the Net.
19:11 of 2nd period - Niklas Hjalmarsson is hit by Chris Neil.
19:34 of 2nd period - Minor Penalty to Aaron Rome for Elbowing.
19:35 of 2nd period - Rich Peverley wins face-off versus Darroll Powe in Knights zone.
3rd period
0:01 of 3rd period - Rich Peverley wins face-off versus Darroll Powe in neutral zone.
0:06 of 3rd period - Wrist shot by Rich Peverley.
0:06 of 3rd period - Deflect By Alexander Perezhogin.
0:06 of 3rd period - Stopped by Dany Sabourin with a rebound.
0:08 of 3rd period - Snap shot by Bruno Gervais.
0:08 of 3rd period - Shot Blocked by Eric Fehr.
0:38 of 3rd period - Wrist shot by Kyle Greentree.
0:38 of 3rd period - Goal by Kyle Greentree - Wolves : 3 - Knights : 7.
0:39 of 3rd period - Rich Peverley wins face-off versus Darroll Powe in neutral zone.
0:46 of 3rd period - Wrist shot by Darroll Powe.
0:46 of 3rd period - Shot Misses the Net.
1:27 of 3rd period - Minor Penalty to Darroll Powe for Tripping.
1:27 of 3rd period - Minor Penalty to Marc-André Gragnani for Hooking.
1:28 of 3rd period - Rich Peverley wins face-off versus Nick Palmieri in Knights zone.
1:34 of 3rd period - Penalty to Aaron Rome is over, Aaron Rome is back on ice.
1:35 of 3rd period - Wrist shot by Rich Peverley.
1:35 of 3rd period - Stopped by Dany Sabourin with a rebound.
1:59 of 3rd period - Wrist shot by Eric Fehr.
1:59 of 3rd period - Stopped by Loïc Lacasse with a rebound.
2:05 of 3rd period - Alexander Perezhogin is hit by Niklas Hjalmarsson and loses puck.
3:13 of 3rd period - Nick Palmieri is hit by Matt Gilroy.
3:27 of 3rd period - Penalty to Darroll Powe is over, Darroll Powe is back on ice.
3:27 of 3rd period - Penalty to Marc-André Gragnani is over, Marc-André Gragnani is back on ice.
3:33 of 3rd period - Wrist shot by Alexander Perezhogin.
3:33 of 3rd period - Shot Misses the Net.
3:35 of 3rd period - Slapshot by Marc Methot.
3:35 of 3rd period - Stopped by Dany Sabourin with a rebound.
3:37 of 3rd period - Wrist shot by Marc Methot.
3:37 of 3rd period - Deflect By Eric Fehr.
3:37 of 3rd period - Stopped by Dany Sabourin with a rebound.
3:39 of 3rd period - Wrist shot by Alexander Perezhogin.
3:39 of 3rd period - Shot Misses the Net.
3:41 of 3rd period - Slapshot by Marc-André Gragnani.
3:41 of 3rd period - Stopped by Dany Sabourin without a rebound.
3:42 of 3rd period - Mike Zigomanis wins face-off versus Nathan Gerbe in Knights zone.
3:52 of 3rd period - Minor Penalty to Marc-André Gragnani for Interference.
3:53 of 3rd period - Dan Fritsche wins face-off versus Darroll Powe in Wolves zone.
4:25 of 3rd period - Wrist shot by Mats Zuccarello.
4:25 of 3rd period - Stopped by Loïc Lacasse with a rebound.
4:27 of 3rd period - Slapshot by Aaron Rome.
4:27 of 3rd period - Deflect By Nathan Gerbe.
4:27 of 3rd period - Stopped by Loïc Lacasse with a rebound.
5:52 of 3rd period - Penalty to Marc-André Gragnani is over, Marc-André Gragnani is back on ice.
7:12 of 3rd period - Snap shot by Cody McLeod.
7:12 of 3rd period - Shot Misses the Net.
7:14 of 3rd period - Snap shot by Alexander Perezhogin.
7:14 of 3rd period - Shot Blocked by Eric Fehr.
7:36 of 3rd period - Chris Terry is hit by Nathan Gerbe and loses puck.
7:54 of 3rd period - Bruno Gervais is hit by Nick Palmieri and loses puck.
8:43 of 3rd period - Snap shot by Chris Neil.
8:43 of 3rd period - Shot Misses the Net.
8:45 of 3rd period - Wrist shot by Bruno Gervais.
8:45 of 3rd period - Deflect By Chris Neil.
8:45 of 3rd period - Shot Misses the Net.
8:45 of 3rd period - Puck is out of play.
8:46 of 3rd period - Alexander Perezhogin wins face-off versus Nathan Gerbe in Knights zone.
8:51 of 3rd period - Wrist shot by Cody McLeod.
8:51 of 3rd period - Stopped by Dany Sabourin without a rebound.
8:52 of 3rd period - Nathan Gerbe wins face-off versus Rich Peverley in Knights zone.
8:56 of 3rd period - Off-side.
8:57 of 3rd period - Nathan Gerbe wins face-off versus Rich Peverley in neutral zone.
9:28 of 3rd period - Off-side.
9:29 of 3rd period - Chris Terry wins face-off versus Darroll Powe in neutral zone.
10:24 of 3rd period - Wrist shot by Dan Fritsche.
10:24 of 3rd period - Shot Blocked by Aaron Rome.
11:49 of 3rd period - Minor Penalty to Rich Peverley for Hooking.
11:50 of 3rd period - Darroll Powe wins face-off versus Dan Fritsche in Wolves zone.
11:53 of 3rd period - Snap shot by Eric Fehr.
11:53 of 3rd period - Stopped by Loïc Lacasse without a rebound.
11:54 of 3rd period - Darroll Powe wins face-off versus Dan Fritsche in Wolves zone.
12:30 of 3rd period - Snap shot by Nikita Nikitin.
12:30 of 3rd period - Shot Blocked by Matt Gilroy.
12:32 of 3rd period - Slapshot by Aaron Rome.
12:32 of 3rd period - Stopped by Loïc Lacasse with a rebound.
12:34 of 3rd period - Slapshot by Aaron Rome.
12:34 of 3rd period - Stopped by Loïc Lacasse without a rebound.
12:35 of 3rd period - Dan Fritsche wins face-off versus Darroll Powe in Wolves zone.
12:38 of 3rd period - Wrist shot by Darroll Powe.
12:38 of 3rd period - Deflect By Marc Methot.
12:38 of 3rd period - Shot Misses the Net.
12:38 of 3rd period - Puck is out of play.
12:39 of 3rd period - Dan Fritsche wins face-off versus Darroll Powe in Wolves zone.
12:48 of 3rd period - Wrist shot by Dan Fritsche.
12:48 of 3rd period - Deflect By Chris Neil.
12:48 of 3rd period - Shot Misses the Net.
12:48 of 3rd period - Puck is out of play.
12:49 of 3rd period - Dan Fritsche wins face-off versus Darroll Powe in Knights zone.
12:57 of 3rd period - Snap shot by Chris Neil.
12:57 of 3rd period - Shot Blocked by Eric Fehr.
12:59 of 3rd period - Wrist shot by Marc Methot.
12:59 of 3rd period - Shot Blocked by Darroll Powe.
13:01 of 3rd period - Slapshot by Marc Methot.
13:01 of 3rd period - Deflect By Kyle Greentree.
13:01 of 3rd period - Stopped by Dany Sabourin without a rebound.
13:02 of 3rd period - Dan Fritsche wins face-off versus Darroll Powe in Knights zone.
13:03 of 3rd period - Wrist shot by Chris Neil.
13:03 of 3rd period - Shot Misses the Net.
13:09 of 3rd period - Chris Neil is hit by Kyle Greentree and loses puck.
13:34 of 3rd period - Slapshot by Mark Popovic.
13:34 of 3rd period - Shot Misses the Net.
13:36 of 3rd period - Snap shot by Nathan Gerbe.
13:36 of 3rd period - Stopped by Loïc Lacasse without a rebound.
13:37 of 3rd period - Nathan Gerbe wins face-off versus Tim Crowder in Wolves zone.
13:49 of 3rd period - Penalty to Rich Peverley is over, Rich Peverley is back on ice.
13:54 of 3rd period - Aaron Rome is hit by Marc-André Gragnani and loses puck.
14:19 of 3rd period - Kyle Greentree is hit by Tim Crowder and loses puck.
14:31 of 3rd period - Off-side.
14:32 of 3rd period - Peter Mueller wins face-off versus Rich Peverley in neutral zone.
14:35 of 3rd period - Slapshot by Niklas Hjalmarsson.
14:35 of 3rd period - Shot Misses the Net.
14:37 of 3rd period - Snap shot by Peter Mueller.
14:37 of 3rd period - Shot Blocked by Marc-André Gragnani.
14:39 of 3rd period - Snap shot by A.J. Jenks.
14:39 of 3rd period - Deflect By Rich Peverley.
14:39 of 3rd period - Shot Misses the Net.
14:39 of 3rd period - Puck is out of play.
14:40 of 3rd period - Darroll Powe wins face-off versus Rich Peverley in Wolves zone.
14:41 of 3rd period - Wrist shot by Eric Fehr.
14:41 of 3rd period - Stopped by Loïc Lacasse with a rebound.
14:44 of 3rd period - Minor Penalty to Eric Fehr for Boarding.
14:45 of 3rd period - Darroll Powe wins face-off versus Rich Peverley in Knights zone.
15:00 of 3rd period - Snap shot by Darroll Powe.
15:00 of 3rd period - Stopped by Loïc Lacasse with a rebound.
15:12 of 3rd period - Cody McLeod is hit by Darroll Powe and loses puck.
15:30 of 3rd period - Minor Penalty to Bruno Gervais for Boarding.
15:31 of 3rd period - Darroll Powe wins face-off versus Rich Peverley in Wolves zone.
15:43 of 3rd period - Icing by Matt Gilroy.
15:44 of 3rd period - Darroll Powe wins face-off versus Mike Zigomanis in Wolves zone.
16:44 of 3rd period - Penalty to Eric Fehr is over, Eric Fehr is back on ice.
17:14 of 3rd period - Slapshot by Kyle Greentree.
17:14 of 3rd period - Stopped by Loïc Lacasse without a rebound.
17:15 of 3rd period - Dan Fritsche wins face-off versus Nathan Gerbe in Wolves zone.
17:30 of 3rd period - Penalty to Bruno Gervais is over, Bruno Gervais is back on ice.
17:49 of 3rd period - Slapshot by Matt Gilroy.
17:49 of 3rd period - Stopped by Dany Sabourin without a rebound.
17:50 of 3rd period - Darroll Powe wins face-off versus Nathan Davis in Knights zone.
18:29 of 3rd period - Alexander Perezhogin is hit by Chris Thorburn and loses puck.
18:48 of 3rd period - Snap shot by Mike Zigomanis.
18:48 of 3rd period - Shot Misses the Net.
18:50 of 3rd period - Slapshot by Geoff Paukovich.
18:50 of 3rd period - Shot Misses the Net.
19:04 of 3rd period - Snap shot by Dan Fritsche.
19:04 of 3rd period - Shot Blocked by Peter Mueller.
19:06 of 3rd period - Slapshot by Matt Gilroy.
19:06 of 3rd period - Deflect By Dan Fritsche.
19:06 of 3rd period - Deflect By Peter Mueller.
19:06 of 3rd period - Shot Blocked by Nick Palmieri.
19:06 of 3rd period - Puck is out of play.
19:07 of 3rd period - Darroll Powe wins face-off versus Dan Fritsche in Knights zone.
19:07 of 3rd period - Darroll Powe is hit by Chris Terry.
Output by the SimonT Hockey Simulator (STHS) for François Prévost -- Original Page W3C XHTML 1.0 Valid